[Event "Early-Titled-Tuesday-Blitz-April-16-2024"]
[Site "Chess.com"]
[Date "2024.04.16"]
[Round "10"]
[White "martinmena"]
[Black "Mazarini41"]
[Result "1-0"]
[WhiteElo "2178"]
[BlackElo "2323"]
[TimeControl "180+1"]
[EndTime "10:01:00 PDT"]
[Termination "martinmena won by checkmate"]

1. c4 Nf6 2. g3 g6 3. Bg2 Bg7 4. Nc3 O-O 5. d3 c5 6. e4 Nc6 7.
Nge2 d6 8. O-O a6 9. h3 Rb8 10. Be3 Bd7 11. Qd2 b5 12. Rab1 b4 13. Nd5 e6 14.
Nxf6+ Bxf6 15. Bf4 e5 16. Bh6 Re8 17. f4 exf4 18. Qxf4 Be5 19. Qxf7+ Kh8 20. Nf4 Rg8 21. Nd5 Qe8 22. Qxe8 Rbxe8 23. Nf6 Bxf6 24. Rxf6 Be6 25. b3 Ne5 26. Rd1 g5 27. Kh2 Nf7 28. h4 gxh4 29.
gxh4 Nxh6 30. Rxh6 Rg4 31. Bh3 Rf4 32. Rxe6 Rf2+ 33. Kg3 Ref8 34. Rxd6 R8f3+ 35. Kg4 Rf4+ 36. Kg5 R4f3 37. Rd8+ Kg7 38. Rd7+ Kf8 39. Rd8+ Ke7 40. Rh8 Rxh3 41. Rxh7+ Kd6 42. Rh6+ Ke5 43. Rxa6 Rg3+ 44. Kh5 Rh2 45. Rg6 Rgh3 46. Rg5+ Kd4 47. Rd5+ Kc3 48.
Rxc5 Rxh4+ 49. Kg6 R4h3 50. e5 Rg2+ 51. Kf6 Rf3+ 52.
Ke7 Re2 53. Kd6 Rfe3 54. Rd5 Kb2 55. c5 Kxa2 56. d4 Kxb3 57. c6 Ka3 58. c7 b3 59.
c8=Q b2 60. Qa6+ Kb3 61. Qb5+ Ka2 62. Qa4+ Ra3 63. Qc4+ Rb3 64. Ra5# 1-0

[Event "Early-Titled-Tuesday-Blitz-April-16-2024"]
[Site "Chess.com"]
[Date "2024.04.16"]
[Round "10"]
[White "kacperkarwowski"]
[Black "LuisFSiles"]
[Result "1-0"]
[WhiteElo "2505"]
[BlackElo "2368"]
[TimeControl "180+1"]
[EndTime "10:01:04 PDT"]
[Termination "kacperkarwowski won on time"]

1. f4 d5 2. Nf3 Nc6 3. e3 Bg4 4. Be2 Bxf3 5. Bxf3 e5 6. fxe5 Nxe5 7. O-O Nf6 8. b3 Bd6 9. Bb2 O-O 10. Nc3 c6 11.
Ne2 Nfg4 12. Nf4 Qh4 13. h3 Nf6 14. Qe1 Qxe1 15. Raxe1 Nxf3+ 16. Rxf3 Nd7 17. Nd3 f6 18. e4 dxe4 19. Rxe4 Nc5 20. Re2 Rae8 21. Kf1 Rxe2 22. Kxe2 Re8+ 23. Kf1 Kf7 24. Nxc5 Bxc5 25. Rd3 Re7 26.
Bd4 Bxd4 27. Rxd4 c5 28. Rd5 b6 29. Rd8 Ke6 30. Kf2 h5 31. d3 h4 32. Kf3 Kf5 33. Rd5+ Ke6 34. Rd8 Kf5 35. Rh8 g5 36. Ra8 Ke5 37. Rd8 Kf5 38. a4 Re1 39. a5 Rf1+ 40. Ke2 Rc1 41. c4 Rc2+ 42. Kf3 Rc3 43.
axb6 axb6 44. b4 cxb4 45. Rd5+ Kg6 46. Ke3 Rc2 47. Rb5 Rxg2 48. Rxb4 g4 49. hxg4 h3 50. Kf3 Kg5 51. Rb5+ Kg6 52. Rh5 Rd2 53. Ke3 Rh2 54. Kf3 Rd2 55. Ke3 Rg2 56. Rxh3 Rxg4 57. Rh8 Rg3+ 58.
Ke2 Rg2+ 59. Kf3 Rb2 60. Ke3 Rb3 61. Rg8+ Kf5 62. Rg1 b5 63. c5 Rc3 64. Kd4 b4 65.
Rb1 Rc2 66. Rxb4 Kg4 67. Ke3+ Kg3 68. d4 f5 69. Rb8 f4+ 70. Kd3 1-0

[Event "Early-Titled-Tuesday-Blitz-April-16-2024"]
[Site "Chess.com"]
[Date "2024.04.16"]
[Round "10"]
[White "emeli_chess"]
[Black "Acva-Alenok"]
[Result "0-1"]
[WhiteElo "2449"]
[BlackElo "2339"]
[TimeControl "180+1"]
[EndTime "10:01:05 PDT"]
[Termination "Acva-Alenok won by resignation"]

1. d4 Nf6 2. c4 e6 3. Nc3 Bb4 4. Qc2 c5 5. dxc5 Na6 6. a3 Bxc3+ 7. Qxc3 Nxc5 8. f3 a5 9. e4 O-O 10. Be3 Qc7 11. Rd1 b6 12. Ne2 Ba6 13. Nd4 Rac8 14.
Be2 Nb7 15. O-O Bxc4 16. Bxc4 Qxc4 17. Qxc4 Rxc4 18. Nb5 d5 19. Bxb6 dxe4 20. Bd4 Rd8 21. Bxf6 Rxd1 22. Rxd1 gxf6 23. Nc3 exf3 24. gxf3 Nc5 25.
Kf2 Rh4 26. Kg3 Rh5 27. f4 f5 28. Rd8+ Kg7 29. Ra8 Ne4+ 30. Nxe4 fxe4 31. Rb8 Rc5 32.
b4 Rc3+ 33. Kg4 Rxa3 34. Rb5 a4 35. f5 exf5+ 36. Kxf5 e3 37. Re5 Rb3 38. Kf4 a3 39.
Kf3 a2 40. Ra5 Rxb4 41. Kxe3 Rb2 42. h4 Kg6 43. Kf4 f6 44. Kg4 h5+ 45. Kf4 Rh2 46. Kg3 Rb2 47. Kf4 Kf7 48. Ra6 Ke7 49. Kf5 Rg2 50.
Ra7+ Kd6 51. Kxf6 Kc5 52. Kf5 Kb5 53. Ra8 Kb4 54. Rb8+ Kc3 55. Rc8+ Kb2 56. Rb8+ Kc1 57. Ra8 Rb2 58. Kg5 Rb5+ 59. Kf4 Kb1 0-1

[Event "Early-Titled-Tuesday-Blitz-April-16-2024"]
[Site "Chess.com"]
[Date "2024.04.16"]
[Round "10"]
[White "Nf3c5"]
[Black "sokidze"]
[Result "0-1"]
[WhiteElo "2629"]
[BlackElo "2813"]
[TimeControl "180+1"]
[EndTime "10:01:07 PDT"]
[Termination "sokidze won on time"]

1. e4 e5 2. Nf3 Nf6 3. Nc3 Nc6 4. h3 Bb4 5. Nd5 Nxd5 6. exd5 e4 7. dxc6 exf3 8. Qxf3 dxc6 9. Bc4 Qe7+ 10. Qe2 Qxe2+ 11.
Kxe2 O-O 12. Re1 Bf5 13. c3 b5 14. cxb4 bxc4 15. d4 cxd3+ 16. Kf1 Rfb8 17. Bd2 a5 18. a3 c5 19. Bc3 axb4 20. axb4 cxb4 21. Rxa8 Rxa8 22.
Bxb4 h6 23. g4 Be6 24. f3 Ra4 25. Bc3 c5 26. Kf2 c4 27. Re4 Ra1 28. Rd4 Rh1 29. Kg2 Rc1 30. h4 f6 31. h5 Kf7 32. Kg3 Rc2 33. Kf4 Re2 34. Rd6 Ke8 35. Rd4 Bf7 36.
Kg3 Bg8 37. Kf4 Be6 38. Kg3 Kf7 39. Kf4 Rc2 40. Rd6 Rc1 41. Rd4 Ra1 42. Kg3 Ra7 43.
Kf4 Rb7 44. Kg3 Rb5 45. Kf4 Bd5 46. Ke3 Ke6 47. Kf4 Rb6 48. Kg3 Ra6 49. Kf4 Ra1 50.
Kg3 Rf1 51. Rf4 Kd7 52. Kg2 Rc1 53. Rd4 Ke6 54. Kg3 Rc2 55. Rf4 Re2 56. Rd4 Rc2 57. Rf4 Rc1 58. Rd4 Rb1 59. Kg2 Rd1 60. Kf2 Kd6 61. Kg2 Kc5 62. Kf2 Rc1 63. Ke3 Rc2 64.
Kf4 Rf2 65. Kf5 Rxf3+ 66. Kg6 Rf2 67. Kxg7 Rg2 68. Kxh6 Be6 0-1

[Event "Early-Titled-Tuesday-Blitz-April-16-2024"]
[Site "Chess.com"]
[Date "2024.04.16"]
[Round "10"]
[White "stratacticos"]
[Black "Kostukov_Alex"]
[Result "0-1"]
[WhiteElo "1894"]
[BlackElo "2275"]
[TimeControl "180+1"]
[EndTime "10:01:09 PDT"]
[Termination "Kostukov_Alex won on time"]

1. b4 Nf6 2. Bb2 g6 3. c4 Bg7 4. d3 O-O 5. Nf3 d5 6. cxd5 Qxd5 7. Nc3 Qd7 8. Rb1 b6 9. g3 Bb7 10. Bg2 Nc6 11. a3 Nd4 12. Ne5 Qc8 13. O-O Bxg2 14.
Kxg2 c5 15. bxc5 Qxc5 16. Nf3 Nxf3 17. exf3 Qc6 18. Ne4 Nxe4 19. dxe4 Rad8 20. Qc1 Qb7 21. Bxg7 Kxg7 22. Qc3+ Kg8 23. Rfc1 Rd7 24. h4 h5 25. Rb5 Rfd8 26. Rg5 Qa6 27. Qb3 Kg7 28. Qc3+ f6 29. Re1 Rd3 30. Qb2 Qxa3 31. Qxa3 Rxa3 32. Rb5 Rdd3 33. f4 Ra2 34. Rd5 Rb3 35. e5 f5 36. Rd7 Kf7 37. e6+ Kf6 38. Rd8 Rbb2 39.
Rf8+ Kg7 40. Rf7+ Kg8 41. Rf1 Re2 42. Rxe7 b5 43. Kf3 b4 44. Rxa7 b3 45. Rxa2 Rxa2 46.
Rb1 b2 47. Ke3 Kf8 48. Kd4 Ke7 49. Ke5 Ra5+ 50. Kd4 Rb5 51. Kc3 Kxe6 52. Rxb2 Rxb2 53. Kxb2 Kd5 54. Kc2 Ke4 55. Kd2 Kf3 56. Ke1 Kg2 57. Ke2 Kg1 58. Kf3 Kf1 59. Ke3 Ke1 60. f3 Kf1 61. g4 fxg4 62. fxg4 hxg4 63. h5 gxh5 64.
f5 g3 65. f6 g2 66. f7 g1=Q+ 67. Ke4 Qf2 0-1

[Event "Early-Titled-Tuesday-Blitz-April-16-2024"]
[Site "Chess.com"]
[Date "2024.04.16"]
[Round "10"]
[White "Brahianzevich"]
[Black "IshviAggarwal"]
[Result "1-0"]
[WhiteElo "2502"]
[BlackElo "2136"]
[TimeControl "180+1"]
[EndTime "10:01:09 PDT"]
[Termination "Brahianzevich won by resignation"]

1. e4 e5 2. Nf3 Nc6 3. Bb5 a6 4. Ba4 Nf6 5. O-O b5 6. Bb3 Bc5 7. c3 d6 8. d4 Bb6 9. Be3 O-O 10. Nbd2 Re8 11. dxe5 dxe5 12. Bxb6 cxb6 13. Qe2 Bg4 14. Rfd1 Qc7 15. h3 Bh5 16. Nf1 Rad8 17. Ng3 Bg6 18. a4 bxa4 19. Bxa4 b5 20. Bc2 Qb6 21. Nh4 Na5 22.
Nhf5 Nc4 23. b3 Nd6 24. Nxd6 Rxd6 25. Rxd6 Qxd6 26. Rd1 Qc6 27. Qe3 h6 28. f3 Rc8 29.
Ne2 Nd7 30. Rd5 f6 31. Qd3 Nc5 32. Rd8+ Kh7 33. Qd6 Qxd6 34. Rxd6 a5 35. Rb6 Be8 36. Kf2 a4 37. b4 Nb3 38. Ke3 Ra8 39. g4 h5 40. Ng3 hxg4 41. hxg4 Nc1 42. Kd2 a3 43. Bb1 a2 44. Bxa2 Nxa2 45. Nf5 Bd7 46. Ne3 Be6 47.
Rxe6 Rd8+ 48. Kc2 Ra8 49. Re7 Ra3 50. Nf5 Rxc3+ 51. Kb2 Rxf3 52. Kxa2 Rf4 53. Rxg7+ Kh8 54. Rg6 Rxe4 55. Rxf6 Rxg4 56. Kb3 Kh7 57. Rh6+ Kg8 58. Re6 Kf7 59. Rxe5 Kf6 60. Rxb5 Rg3+ 61. Ka4 Rg1 62.
Nd4 Ra1+ 63. Kb3 Rb1+ 64. Kc3 Rc1+ 65. Nc2 Ke7 66. Rd5 Ke6 67. Rd2 Ke7 68. Kb2 Rf1 1-0

[Event "Early-Titled-Tuesday-Blitz-April-16-2024"]
[Site "Chess.com"]
[Date "2024.04.16"]
[Round "10"]
[White "baki83"]
[Black "Korchmar_Vasiliy"]
[Result "1-0"]
[WhiteElo "2912"]
[BlackElo "2713"]
[TimeControl "180+1"]
[EndTime "10:01:15 PDT"]
[Termination "baki83 won on time"]

1. e4 c5 2. Nf3 d6 3. c3 Nf6 4. Be2 g6 5. O-O Bg7 6. Re1 O-O 7. Bf1 e5 8. h3 Nc6 9. Na3 Re8 10. Bb5 Bd7 11. Nc4 a6 12. Bxc6 Bxc6 13. d3 h6 14. a4 b5 15. axb5 axb5 16. Rxa8 Bxa8 17. Ne3 Kh7 18. Qb3 Qd7 19. c4 bxc4 20. Nxc4 Bc6 21.
Bd2 Ra8 22. Bc3 Qc7 23. Qc2 Nh5 24. Bd2 Nf4 25. Bxf4 exf4 26. h4 Kg8 27. Ncd2 Ra2 28. Nc4 d5 29. exd5 Bxd5 30. Re8+ Kh7 31. Qe2 Bxc4 32.
dxc4 Rxb2 33. Qe4 Qd7 34. Re7 Qd1+ 35. Qe1 Qd3 36. Qf1 Rb1 37. Re1 Rxe1 38. Nxe1 Qc3 39.
Nf3 Bd4 40. Qe2 Kg7 41. Kh2 Bf6 42. Kh3 Bd4 43. Kg4 h5+ 44. Kxf4 Qc1+ 45. Kg3 Bf6 46. Kh2 Qc3 47. g3 Qc1 48. Kg2 Qc3 49. Qe4 Bd4 50.
Qe2 Bf6 51. Ne1 Qc1 52. Qe4 Qc3 53. Nd3 Bd4 54. Nf4 Qxc4 55. Qf3 Qa2 56. Nh3 Qe6 57.
Ng5 Qf6 58. Qe2 Qc6+ 59. Kh2 Qd5 60. f4 c4 61. Nf3 Bf6 62. Nd2 c3 63. Ne4 Qe6 64.
Qc2 Qc6 65. Nf2 Qc4 66. Ne4 Qc6 67. Kh3 Qe6+ 68. Kg2 Qc4 69. f5 gxf5 70. Nf2 Qd5+ 71. Kh2 f4 72. gxf4 Qd4 73. Nd3 Qe3 74. Qg2+ Kf8 75.
Qc2 1-0

[Event "Early-Titled-Tuesday-Blitz-April-16-2024"]
[Site "Chess.com"]
[Date "2024.04.16"]
[Round "10"]
[White "SahibSinghKnight"]
[Black "Kirill_Klukin"]
[Result "0-1"]
[WhiteElo "2645"]
[BlackElo "2829"]
[TimeControl "180+1"]
[EndTime "10:01:16 PDT"]
[Termination "Kirill_Klukin won by resignation"]

1. e4 c5 2. Nf3 Nc6 3. d4 cxd4 4. Nxd4 e5 5. Nb5 d6 6. N1c3 a6 7. Na3 b5 8. Nd5 Nge7 9. c4 Nxd5 10. exd5 Nd4 11.
Bd3 Be7 12. O-O Bd7 13. Be3 Nf5 14. Bd2 bxc4 15. Nxc4 O-O 16. Ba5 Qe8 17. Nb6 Ra7 18.
Nxd7 Qxd7 19. Qb1 g6 20. Bxf5 Qxf5 21. Qxf5 gxf5 22. Rac1 Rb8 23. b4 Bd8 24. Rc6 Bxa5 25. bxa5 Rb5 26. Rxd6 Rxa5 27. Rd8+ Kg7 28. Rd1 Rb7 29.
g4 Rab5 30. Kg2 Rb1 31. Rd3 e4 32. Rd4 R7b4 33. Rxb4 Rxb4 34. gxf5 Kf6 35. Rd6+ Kxf5 36. Rxa6 Rd4 37. Rh6 Ke5 38. Rxh7 f5 39. Re7+ Kf4 40. Rd7 Rd2 41. Re7 Rxd5 42. Ra7 Rd2 43. Ra3 Rb2 44. h3 Rc2 45. Kf1 Rb2 46. Kg2 Rb1 47. Re3 Ra1 48. a3 Ke5 49. Rb3 Ra2 50. Rb5+ Kf4 51. Rb3 Kg5 52.
Rg3+ Kf6 53. Rb3 Ke5 54. Rb5+ Kf4 55. Rb3 Rc2 56. Re3 Rd2 57. Rb3 Rd1 58. Re3 Ra1 59. Rb3 Kg5 60. Rg3+ Kh4 61. Rb3 Ra2 62. Rb4 Kg5 63. Rb3 Kh4 64. Re3 Kh5 65. Kg3 Kg5 66.
h4+ Kf6 67. f3 Ke5 68. fxe4 f4+ 69. Kf3 fxe3 70. Kxe3 Rxa3+ 71. Kf2 Kxe4 72. Kg2 Kf4 73. Kh2 Kg4 0-1

[Event "Early-Titled-Tuesday-Blitz-April-16-2024"]
[Site "Chess.com"]
[Date "2024.04.16"]
[Round "10"]
[White "sonicdravise"]
[Black "BardArtem"]
[Result "1-0"]
[WhiteElo "2627"]
[BlackElo "2831"]
[TimeControl "180+1"]
[EndTime "10:01:23 PDT"]
[Termination "sonicdravise won by resignation"]

1. d4 d5 2. c4 e6 3. Nc3 c5 4. cxd5 cxd4 5. Qa4+ Bd7 6. Qxd4 exd5 7. Qxd5 Nf6 8. Qd1 Nc6 9. Nf3 Bc5 10. e3 O-O 11. Be2 Qe7 12. a3 Rad8 13. Qc2 Rfe8 14. O-O Bd6 15. Rd1 Ne5 16. Nd4 Neg4 17. h3 Nxf2 18.
Kxf2 Qe5 19. Bf3 Qh2 20. Bd2 Bxh3 21. Rh1 Qg3+ 22. Ke2 Bg4 23. Rag1 Bc5 24. Bxg4 Nxg4 25. Qxh7+ Kf8 26. Qh8+ Ke7 27. Nf5+ Ke6 28. Qxe8+ Rxe8 29.
Nxg3 Kd7 30. Nce4 Bf8 31. Rd1 Kc6 32. Bc1 f5 33. Nf2 Ne5 34. Nxf5 b6 35. Nd4+ Kb7 36. Nd3 Nc4 37. Nc2 Nd6 38. Rhf1 Be7 39. Bd2 Ne4 40. Rf3 Bf6 41. b4 Rc8 42. Rc1 Ka6 43. Nd4 Re8 44. b5+ Kb7 45. Rc6 Rh8 46. Ne6 Rh2 47.
Ne1 Rh8 48. Nd4 Re8 49. Kd3 Nc5+ 50. Kc2 Ne4 51. Nd3 Rd8 52. Ne6 Rd5 53. Nd4 a6 54. a4 Kb8 55. Re6 Kc8 56. Rxe4 Kd7 57. bxa6 Rh5 58.
a7 Rh8 59. Rxf6 gxf6 60. Rf4 Kc7 61. Nb5+ Kb7 62. Rxf6 Ka8 63. Rf7 Rc8+ 64. Rc7 Rd8 65. Nd4 b5 66. axb5 Rd5 67. Rc3 Kb7 68. b6 Ra5 69.
Rb3 Ra2+ 70. Kd1 Ra1+ 71. Ke2 Rg1 72. Nc5+ Kc8 73. b7+ Kd8 74. b8=Q+ Ke7 75. Qe5+ 1-0

[Event "Early-Titled-Tuesday-Blitz-April-16-2024"]
[Site "Chess.com"]
[Date "2024.04.16"]
[Round "10"]
[White "IsmaelAmadorGarcia"]
[Black "NikFil2013"]
[Result "1-0"]
[WhiteElo "2334"]
[BlackElo "2398"]
[TimeControl "180+1"]
[EndTime "10:01:31 PDT"]
[Termination "IsmaelAmadorGarcia won on time"]

1. e4 c5 2. c3 Nf6 3. e5 Nd5 4. g3 e6 5. Bg2 d6 6. exd6 Bxd6 7.
Nf3 O-O 8. O-O Nc6 9. Na3 a6 10. Nc4 Bc7 11. a4 Rb8 12. d4 b5 13. axb5 axb5 14.
Ne3 cxd4 15. Nxd5 exd5 16. Nxd4 Nxd4 17. Qxd4 Be6 18. Bf4 Bxf4 19. Qxf4 b4 20. cxb4 Qb6 21. Ra4 Bd7 22. Ra5 Qxb4 23. Qxb4 Rxb4 24. Rxd5 Bb5 25. Rb1 Rb8 26. Rd2 Bc4 27. Rbd1 g6 28. Rd8+ Kg7 29. Rxb8 Rxb8 30. Rd2 Be6 31. h4 h5 32. Bf3 Rb3 33.
Be4 Rb4 34. Bb1 Rb5 35. Kg2 Bd5+ 36. Kf1 Be6 37. Bd3 Rb4 38. Ke2 Rb3 39. Be4 Rb4 40.
Ke3 Rb3+ 41. Kd4 Rb4+ 42. Kc5 Rxe4 43. b4 Rc4+ 44. Kb5 Rc1 45. Rb2 Kf6 46. Kb6 Kf5 47.
b5 Kg4 48. Ka7 Kf3 49. b6 Bd5 50. Rd2 Ra1+ 51. Kb8 Rb1 52. Kc7 Be4 53. Ra2 Rb3 54.
Ra4 f5 55. Ra2 Rb4 56. Rd2 Rb3 57. Ra2 Rb1 58. Rd2 Kg2 59. Ra2 Kf1 60. Rd2 Kg2 61. Ra2 Kh3 62. Rd2 Kg4 63. Ra2 Rf1 64.
Rd2 Kf3 65. b7 Bxb7 66. Kxb7 Rxf2 67. Rd6 Kxg3 68. Rxg6+ Kxh4 69. Kc6 f4 70. Kd5 Re2 71.
Kd4 f3 72. Kd3 Re8 73. Rf6 Kg3 74. Rg6+ Kf2 75. Rh6 Rd8+ 76. Ke4 Ke2 77. Rxh5 f2 78. Rh2 Rf8 79. Kd4 Ke1 80. Ke3 1-0

[Event "Early-Titled-Tuesday-Blitz-April-16-2024"]
[Site "Chess.com"]
[Date "2024.04.16"]
[Round "10"]
[White "ChessSwole"]
[Black "ajeale2"]
[Result "0-1"]
[WhiteElo "2655"]
[BlackElo "2441"]
[TimeControl "180+1"]
[EndTime "10:01:33 PDT"]
[Termination "ajeale2 won by checkmate"]

1. d4 d5 2. Bf4 Nf6 3. e3 c5 4.
Nf3 Nc6 5. Nbd2 cxd4 6. exd4 e6 7. c3 Bd6 8. Bxd6 Qxd6 9. Bd3 O-O 10. O-O e5 11. dxe5 Nxe5 12. Nxe5 Qxe5 13. Nf3 Qh5 14.
Nd4 Bg4 15. Qb3 Rae8 16. Qxb7 Re5 17. Rfe1 Rg5 18. f4 Bc8 19. Qb4 Rxg2+ 20. Kxg2 Qh3+ 21. Kh1 Qxd3 22. Qb5 Qh3 23. Qf1 Qh4 24. Qf3 Ne4 25. f5 Ba6 26. Re3 Nf2+ 27. Kg2 Ng4 28. h3 Nxe3+ 29.
Qxe3 h5 30. Re1 Rb8 31. b4 Bd3 32. Nf3 Be4 33. Re2 Qf6 34. Qf4 Rc8 35. Re3 Rc4 36.
Kf2 Qa6 37. Qb8+ Rc8 38. Qe5 Qxa2+ 39. Kg3 Qb1 40. f6 g6 41. Ng5 Qg1+ 42. Kh4 Qf2+ 43. Qg3 Qxf6 44. Qe1 Rc4 45. Kg3 Qxg5+ 46. Kf2 Qh4+ 47.
Kf1 Qxe1+ 48. Kxe1 f5 49. Rg3 Kf7 50. Kd2 Kf6 51.
h4 f4 52. Rg5 Bf5 53. Rg1 Re4 54. Ra1 Re7 55. Ra6+ Ke5 56. Ra5 Ke4 57. Ra6 f3 58.
Ra1 Kf4 59. Rg1 Re2+ 60. Kd1 Rg2 61. Rf1 Kg3 62. c4 f2 63. Ke2 dxc4 64. Ke3 Rg1 65.
Rxf2 Re1+ 66. Re2 Rxe2+ 67. Kxe2 Kxh4 68. b5 Bc8 69. Ke3 Bb7 70. Kf4 g5+ 71. Ke3 g4 72.
Kf2 Kh3 73. Kg1 g3 74. b6 h4 75. bxa7 Kg4 76. Kf1 Ba8 77. Ke2 h3 78. Kd2 h2 79.
Ke3 h1=Q 80. Kd4 Qe4+ 81. Kc3 Qd5 82. Kb4 Qb7+ 83. Kc3 Qb3+ 84. Kd2 c3+ 85. Ke3 c2+ 86. Kd4 Qb4+ 87. Ke5 c1=Q 88. Kf6 Qcc5 89. Kf7 Qbb6 90.
Ke8 Qcc7 91. Kf8 Qcb7 92. Ke8 g2 93. Kf8 g1=Q 94. Ke8 Qg3 95. Kf8 Qgc7 96. Kg8 Qd7 97. Kf8 Qe7+ 98. Kg8 Qec7 99. Kh8 Qcc8# 0-1

[Event "Early-Titled-Tuesday-Blitz-April-16-2024"]
[Site "Chess.com"]
[Date "2024.04.16"]
[Round "10"]
[White "MITerryble"]
[Black "TigrVShlyape"]
[Result "0-1"]
[WhiteElo "3047"]
[BlackElo "2946"]
[TimeControl "180+1"]
[EndTime "10:01:38 PDT"]
[Termination "TigrVShlyape won on time"]

1. Nf3 Nf6 2. e3 d5 3. b4 Bf5 4. Bb2 e6 5. a3 Nbd7 6. d4 c6 7. c4 Bd6 8. Nbd2 O-O 9. Be2 a6 10. Nh4 Bg6 11. O-O Re8 12. Nxg6 hxg6 13. f4 dxc4 14.
Nxc4 Bf8 15. Bf3 Nb6 16. Na5 Qd7 17. Qb3 Nfd5 18. Rad1 Rad8 19. Bc1 Qc8 20. e4 Nc7 21. Be3 Nd7 22. Rc1 Qb8 23. Rfd1 Nf6 24. g3 Nb5 25. a4 Nc7 26. Kg2 Nd7 27. g4 Nf6 28. h4 Rd7 29. h5 gxh5 30. gxh5 Kh8 31. Kf2 Ng8 32. Nc4 Qd8 33. Ne5 Nh6 34. Nxd7 Qxd7 35. Rg1 Qe7 36. Rb1 Qh4+ 37. Ke2 Rd8 38. Rh1 Qf6 39. Qc4 Qe7 40. Qc3 Qf6 41. Qc4 Qe7 42. Bf2 Qd6 43. Rbg1 Ne8 44.
Be3 Qd7 45. Rb1 Nd6 46. Qd3 Qe7 47. Rh2 Ne8 48. Rg2 Nf6 49. Qc4 Qd7 50. b5 cxb5 51.
axb5 Rc8 52. Qd3 axb5 53. Qxb5 Qc7 54. Kf1 Qc3 55. Qb3 Qa5 56. Qxb7 Rc3 57. Re2 Qa3 58. Qb8 Rxe3 59. Qxf8+ Kh7 60. Rxe3 Qxe3 61. Kg2 Qxf4 62. Rf1 Qg5+ 63. Kf2 Qd2+ 64. Kg3 Qxd4 65. Qa3 Qe5+ 66. Kg2 Nxe4 67. Qe3 Qg5+ 68. Qxg5 Nxg5 69. Be2 Nf5 70. Ra1 Kh6 71. Ra7 g6 72. hxg6 Kxg6 73.
Ra8 Kf6 74. Kf2 Ne4+ 75. Ke1 Nd4 76. Bd3 Nc5 77. Bc4 Ke5 78. Rd8 f5 79. Kf2 Ne4+ 80.
Ke3 f4+ 81. Kd3 Nf5 82. Re8 Ng5 83. Rf8 Ne4 84. Ke2 Nd4+ 85. Kd3 Nc5+ 86. Kc3 f3 87. Bd3 Nf5 0-1

[Event "Early-Titled-Tuesday-Blitz-April-16-2024"]
[Site "Chess.com"]
[Date "2024.04.16"]
[Round "10"]
[White "Attacker_2006"]
[Black "Mikhail_Golubev"]
[Result "1/2-1/2"]
[WhiteElo "2462"]
[BlackElo "2593"]
[TimeControl "180+1"]
[EndTime "10:01:43 PDT"]
[Termination "Game drawn - insufficient material"]

1. e4 c5 2. Nc3 d6 3. f4 g6 4. Nf3 Bg7 5. Bb5+ Bd7 6. Bxd7+ Qxd7 7. O-O Nf6 8. d3 Nc6 9. Qe1 h6 10. Bd2 Rc8 11. e5 dxe5 12. fxe5 Ng4 13. Ne4 Ngxe5 14.
Nxc5 Nxf3+ 15. Rxf3 Qd4+ 16. Be3 Qxb2 17. Rb1 Qxc2 18. Rxb7 O-O 19. Rf2 Qc3 20. Qxc3 Bxc3 21. Ne4 Bg7 22. h4 Rfd8 23. Rd2 e6 24. Rf2 Rf8 25. Nd6 Rb8 26. Rxb8 Rxb8 27. Nxf7 Rb2 28. Nxh6+ Bxh6 29. Bxh6 Rb1+ 30. Kh2 Nd4 31. Be3 Nf5 32. Bxa7 Rb7 33. Bc5 Nxh4 34. a4 Nf5 35. a5 Rh7+ 36.
Kg1 Ng3 37. Rf8+ Kg7 38. Rb8 Ne2+ 39. Kf2 Nf4 40. Rb7+ Kg8 41. Rxh7 Kxh7 42. Ke3 Nd5+ 43. Kd4 Kg7 44. a6 Nc7 45. a7 Kf6 46. Bd6 Nb5+ 47.
Kc5 Nxa7 48. d4 Nc8 49. Be5+ Kf7 50. Bd6 Ke8 51. Kc6 Na7+ 52. Kb6 Kd7 53. Be5 Nc6 54. Bf6 Nb4 55. Kc5 Nd5 56. Be5 Ne3 57. g3 g5 58.
Bf6 g4 59. Be5 Nd5 60. Kc4 Ke7 61. Kd3 Kf7 62. Ke4 Kg6 63. Bd6 Kf6 64. Be5+ Kg5 65.
Bf4+ Nxf4 66. gxf4+ Kf6 67. Kd3 Kf5 68. Ke3 g3 69.
Kf3 g2 70. Kxg2 Kxf4 71. d5 exd5 72. Kf2 Ke4 73. Ke2 Ke5 74. Ke3 d4+ 75. Kd3 Kd5 76. Kd2 Ke4 77. Ke2 d3+ 78. Kd2 Kd4 79. Kd1 Kc4 80.
Kd2 Kd4 81. Kd1 Ke4 82. Kd2 Kf3 83. Kxd3 1/2-1/2

[Event "Early-Titled-Tuesday-Blitz-April-16-2024"]
[Site "Chess.com"]
[Date "2024.04.16"]
[Round "10"]
[White "Grossboss19"]
[Black "imdvb6307"]
[Result "1-0"]
[WhiteElo "2613"]
[BlackElo "2520"]
[TimeControl "180+1"]
[EndTime "10:01:45 PDT"]
[Termination "Grossboss19 won on time"]

1. Nf3 d5 2. g3 c6 3. Bg2 Bg4 4. O-O Nd7 5. h3 Bxf3 6. Bxf3 e5 7. Bg2 Ngf6 8. d3 Be7 9. e4 dxe4 10. dxe4 Qc7 11. Qe2 Nc5 12. Nd2 Ne6 13. c3 O-O 14. Nc4 b5 15. Ne3 g6 16. Bd2 Nc5 17. Nc2 Qd7 18. Rad1 Qd3 19. Qxd3 Nxd3 20. Bc1 Rfd8 21. Bf3 Bc5 22. b4 Bb6 23. Be3 Nb2 24. Rxd8+ Rxd8 25. Bg5 Kg7 26. Ne3 Rd6 27. Rb1 Na4 28. Rd1 Rxd1+ 29.
Nxd1 h6 30. Bd2 Ne8 31. Kf1 Nd6 32. Ke2 h5 33. h4 Nc4 34. Be1 Kf6 35. g4 hxg4 36.
Bxg4 Ke7 37. h5 gxh5 38. Bxh5 a5 39. Bg4 Kf6 40. Bd7 axb4 41. cxb4 Ke7 42. Bxc6 Nd6 43. Kd3 Ke6 44. f3 f5 45. Bd2 fxe4+ 46. fxe4 Bd4 47.
Kc2 Kf6 48. Kb3 Ke6 49. Nc3 Bxc3 50. Bxc3 Nb6 51. Be1 Kf6 52. Bh4+ Kf7 53. Bf2 Nbc8 54.
a4 bxa4+ 55. Kxa4 Ke6 56. b5 Ke7 57. Bh4+ Ke6 58. Ka5 Nc4+ 59. Ka6 N8b6 60. Bd8 Na4 61. b6 Ncxb6 62. Bxb6 Nc3 63. Ka5 Kd6 64. Ba8 Ne2 65.
Kb4 Nf4 66. Bc5+ Ke6 67. Kc4 Kf6 68. Bb7 Ke6 69. Bc8+ Kf6 70. Kc3 Ng6 71. Kd3 Nf4+ 72. Ke3 Ng6 73. Bf5 Nf4 74. Bb6 Ke7 75. Bc5+ Kf6 76.
Ba3 Kg7 77. Bb2 Kf6 78. Bc3 Nh5 79. Kf3 Nf4 80. Bd2 Nd3 81. Kg4 Nf2+ 82. Kh5 Nd3 83.
Bg5+ Kf7 84. Bh4 Kg7 85. Kg5 Kf7 86. Bg3 Ke7 87. Bg4 Kd6 88. Kf6 Kc5 89. Be2 Kd4 90.
Bxd3 Kxd3 91. Kxe5 1-0

[Event "Early-Titled-Tuesday-Blitz-April-16-2024"]
[Site "Chess.com"]
[Date "2024.04.16"]
[Round "10"]
[White "Evgeny81"]
[Black "FARIZA2018"]
[Result "1-0"]
[WhiteElo "2784"]
[BlackElo "2569"]
[TimeControl "180+1"]
[EndTime "10:02:05 PDT"]
[Termination "Evgeny81 won on time"]

1. e4 e5 2. Nf3 Nc6 3. Bb5 a6 4. Bxc6 dxc6 5. Nc3 Bd6 6. d4 exd4 7. Qxd4 f6 8. Be3 Qe7 9. O-O-O Be6 10. e5 fxe5 11.
Nxe5 c5 12. Qf4 O-O-O 13. Rhe1 Nf6 14. Bd2 Rhe8 15. Qh4 Qf8 16. f4 h5 17. h3 Kb8 18.
Qg5 Qg8 19. a3 Qh7 20. Be3 Bf5 21. Rd2 Be7 22. Rxd8+ Rxd8 23. Re2 Nd5 24. Qg3 Nxc3 25. bxc3 h4 26. Qe1 Be4 27. Kb2 Qf5 28. Bxc5 Bxc5 29. Rxe4 Rd6 30. Nc4 Rc6 31. Re8+ Ka7 32. Qe4 Qf6 33. Ne5 Rb6+ 34. Ka2 Re6 35. Rxe6 Qxe6+ 36.
Qc4 Qd6 37. a4 Be3 38. Nd3 Qg6 39. Qd5 Qg3 40. c4 Bd2 41. Qd4+ Kb8 42. Qd8+ Ka7 43.
Qxc7 Bc3 44. Qc5+ Kb8 45. Qd6+ Ka8 46. Qf8+ Ka7 47. Qc5+ Kb8 48. Qg5 Qe3 49. Kb3 Qd2 50. Qd8+ Ka7 51. c5 Ba5 52. Qd4 Kb8 53. Qe5+ Bc7 54.
Qd4 Qxg2 55. Qc4 Qxh3 56. Qg8+ Ka7 57. Qf7 Qg2 58. Qxc7 h3 59. c6 Qxc6 60. Qxc6 bxc6 61. Kc4 h2 62. Nf2 Kb6 63. Kb4 c5+ 64. Kc4 Kc6 65. a5 Kd6 66. f5 Kc6 67. Kd3 Kd5 68. Ke3 Ke5 69. Ng4+ Kxf5 70. Nxh2 Ke5 71. Nf3+ Kd5 72. Kd3 c4+ 73. Kc3 g6 74. Ng5 Kc5 75. Ne6+ Kb5 76.
Nd4+ Kc5 77. Nf3 Kb5 78. Ne5 g5 79. Nxc4 g4 80. Ne3 g3 81. Kd4 Kxa5 82. Kc5 Ka4 83. c4 Kb3 84. Kd5 a5 85. c5 a4 86. c6 a3 87. c7 a2 88. Nc2 g2 89. Nd4+ Kb2 90. c8=Q a1=Q 91. Qc2+ 1-0

[Event "Early-Titled-Tuesday-Blitz-April-16-2024"]
[Site "Chess.com"]
[Date "2024.04.16"]
[Round "10"]
[White "Elnaz_Kaliakhmet"]
[Black "Meri-Arabidze"]
[Result "1/2-1/2"]
[WhiteElo "2561"]
[BlackElo "2671"]
[TimeControl "180+1"]
[EndTime "10:02:05 PDT"]
[Termination "Game drawn - insufficient material"]

1. d4 Nf6 2. c4 e6 3. Nf3 Bb4+ 4. Bd2 Qe7 5. g3 Bxd2+ 6. Qxd2 Nc6 7. Nc3 d5 8. Bg2 dxc4 9. O-O O-O 10. Rac1 Rd8 11.
Qe3 Rb8 12. Rfd1 Nd5 13. Qe4 b5 14. Ne5 Nxe5 15. Qxe5 Nxc3 16. bxc3 Bb7 17. Rb1 Bxg2 18. Kxg2 c6 19. a4 a6 20. axb5 cxb5 21. Ra1 h6 22.
Qe4 Qd6 23. Ra5 Rb6 24. Rda1 b4 25. cxb4 Qxd4 26. Qxd4 Rxd4 27. Rxa6 Rxb4 28. Ra8+ Kh7 29. R1a7 c3 30. Rc7 Rdc4 31. Rac8 Rxc7 32. Rxc7 Rb2 33.
Rxc3 Rxe2 34. h4 h5 35. Rc5 g6 36. Rc7 Kg7 37. Kf3 Ra2 38. Rb7 Ra3+ 39. Ke4 Kf6 40.
Rc7 Rb3 41. Ra7 Rb2 42. Ke3 e5 43. Rc7 Ke6 44. Ra7 f6 45. Ra6+ Kf5 46. Kf3 Rb3+ 47. Kg2 Rc3 48. Ra4 g5 49. hxg5 fxg5 50. Rb4 Rd3 51.
Rb8 Rd6 52. Rb4 Rc6 53. Ra4 Rb6 54. Ra5 h4 55. gxh4 gxh4 56. Ra4 Kg5 57. Re4 Rb5 58.
Kh3 Rb3+ 59. Kg2 Rb5 60. Kh3 Rd5 61. Rg4+ Kf5 62. Rxh4 Rd2 63. Kg2 Rd4 64. Rh8 Ke4 65. Kg3 Rd3+ 66. Kg2 Ra3 67. Re8 Rc3 68. Rf8 Rd3 69.
f3+ Ke3 70. Re8 Rd5 71. Kg3 Kd4 72. Kg4 Rd6 73. Kf5 Rd5 74. Kg4 Rd7 75. Re6 Rf7 76. Rd6+ Ke3 77. Re6 Rf4+ 78. Kg5 Kd4 79. Rd6+ Kc5 80.
Re6 Kd5 81. Rf6 Rxf6 82. Kxf6 e4 83. fxe4+ Kxe4 1/2-1/2